 Dungeon Crawl Stone Soup version 0.27-b1-42-g19c61b19a5 (webtiles) character file.

Game seed: 10278725711793150825

9694 shadowrider38 the Cleaver (level 11, -1/84 HPs)
             Began as a Minotaur Berserker on July 29, 2021.
             Was an Elder of Trog.
             Slain by a moth of wrath (4 damage)
             ... on level 10 of the Dungeon.
             The game lasted 00:51:29 (9758 turns).

shadowrider38 the Cleaver (Minotaur Berserker)      Turns: 9758, Time: 00:51:29

Health: -1/84      AC: 25    Str: 25    XL:     11   Next: 26%
Magic:  10/10      EV:  8    Int:  2    God:    Trog [****..]
Gold:   184        SH:  5    Dex: 12    Spells: 10/10 levels left

rFire    + . .     SeeInvis .   a - +9 great mace of Aqoysch {vorpal, Dex+2}
rCold    + + .     Faith    .   (shield currently unavailable)
rNeg     . . .     Spirit   .   y - +0 plate armour
rPois    .         Reflect  +   (helmet restricted)
rElec    .         Harm     .   K - +2 cloak
rCorr    .         Rampage  .   Q - +2 pair of gloves "Vuggaqu" {rF+ rC++ Int-2 Stlth-}
Will     .....                  B - +0 pair of boots
Stlth    ..........             c - amulet of reflection
HPRegen  0.24/turn              i - +4 ring of protection
MPRegen  0.12/turn              C - +4 ring of slaying

@: on berserk cooldown, slowed, studying Slings, very slow
A: horns 2, retaliatory headbutt
a: Renounce Religion, Berserk, Trog's Hand, Brothers in Arms


You were on level 10 of the Dungeon.
You worshipped Trog.
Trog was greatly pleased with you.
You visited 1 branch of the dungeon, and saw 10 of its levels.

You collected 402 gold pieces.
You spent 218 gold pieces at shops.

Inventory:

Hand Weapons
 a - the +9 great mace of Aqoysch (weapon) {vorpal, Dex+2}
   (You took it off an ogre on level 8 of the Dungeon)

   It inflicts extra damage upon your enemies.
   Dex:       It affects your dexterity (+2).
 f - a +0 battleaxe
 l - a +0 club
 m - a +0 hunting sling
 p - a +0 hand axe
 v - a +0 shortbow
 E - a +2 halberd of protection
 S - a +2 vorpal hand axe
Missiles
 w - 145 arrows
Armour
 b - a +0 animal skin
 o - a +0 kite shield
 q - a +0 chain mail
 y - a +0 plate armour (worn)
 B - a +0 pair of boots (worn)
 K - a +2 cloak (worn)
 M - a +0 pair of gloves
 Q - the +2 pair of gloves "Vuggaqu" (worn) {rF+ rC++ Int-2 Stlth-}
   (You bought it in a shop on level 8 of the Dungeon)

   Int:       It affects your intelligence (-2).
   rF:        It protects you from fire.
   rC:        It greatly protects you from cold.
   Stlth:     It makes you less stealthy.
Jewellery
 c - an amulet of reflection (around neck)
 i - a +4 ring of protection (left hand)
 k - a ring of flight
 r - an amulet of magic regeneration
 C - a +4 ring of slaying (right hand)
 O - a ring of willpower
 T - a ring of wizardry
Wands
 H - a wand of polymorph (15)
Scrolls
 e - 2 scrolls of fog {unknown}
 h - 3 scrolls of fear {unknown}
 n - 3 scrolls of holy word {unknown}
 t - 7 scrolls of teleportation
 z - 2 scrolls of immolation {unknown}
 F - a scroll of silence {unknown}
 I - a scroll of amnesia {unknown}
 J - 4 scrolls of blinking {unknown}
 L - a scroll of identify
 N - 2 scrolls of brand weapon {unknown}
 P - a scroll of enchant armour {unknown}
Potions
 d - 2 potions of invisibility {unknown}
 g - 4 potions of flight {unknown}
 j - 4 potions of haste {unknown}
 s - a potion of might
 u - 3 potions of curing
 x - 3 potions of mutation
 A - a potion of cancellation
 D - a potion of magic
 G - 2 potions of lignification
 R - 2 potions of berserk rage {unknown}


   Skills:
 - Level 4.1 Fighting
 - Level 12.9(14.3) Axes
 * Level 10.8(13.3) Maces & Flails
 - Level 7.1 Armour
 - Level 2.4 Dodging
 - Level 10.6 Shields


You had 10 spell levels left.
You didn't know any spells.
Your spell library was empty.

Dungeon Overview and Level Annotations

Branches:
Dungeon (10/15)            Temple (0/1) D:5
   Lair: D:8-11         Orc: D:9-12

Altars:
Ashenzari
Cheibriados
Dithmenos
Hepliaklqana
Nemelex Xobeh
Okawaru
Ru
Sif Muna
Uskayaw
Vehumet
Wu Jian
The Shining One

Shops:
D:8 [

Annotations:
D:10 exclusion: obsidian statue, Wyvernaa's ghost, journeyman FoFi


Innate Abilities, Weirdness & Mutations

You have a pair of horns on your head.
You reflexively headbutt those who attack you in melee.


Message History

The ice dragon bites you.
The ice dragon claws you but does no damage.
The ice dragon barely misses you. You block the wyvern's attack.
You bludgeon the ice dragon!! Your headbutt misses the ice dragon.
The ice dragon is almost dead.
The wyvern bites you. The ice dragon bites you!
* * * LOW HITPOINT WARNING * * *
The ice dragon barely misses you.
The ice dragon tramples you but does no damage.
Wyvernaa's ghost hits you.
* * * LOW HITPOINT WARNING * * *
You are too berserk!
You are too berserk!
You bludgeon the ice dragon!!
You kill the ice dragon!
Trog accepts your kill. The wyvern bites you!
* * * LOW HITPOINT WARNING * * *
The wyvern bites you but does no damage.
You bludgeon the wyvern!! You headbutt the wyvern.
You kill the wyvern!
Trog accepts your kill. You block Wyvernaa's ghost's attack.
The moth of wrath barely misses you.
The moth of wrath bites you but does no damage.
You see here a wyvern corpse.
You feel a strong urge to attack something.
You are no longer berserk.
You are exhausted.
You feel yourself slow down.
You see here a scroll labelled ALLAKKIJIN.
The moth of wrath barely misses you.
There is a transporter here.
You enter the transporter and appear at another place.
The moth of wrath closely misses you. The moth of wrath bites you!
* * * LOW HITPOINT WARNING * * *
Your plate armour prevents you from hitting the moth of wrath.
You headbutt the moth of wrath!
The moth of wrath is moderately wounded.
The moth of wrath bites you.
You die...

.......#.#.......#..##...### #
######.#.##.....##..##.....# #
# #...####.####..###..#.# ## #
#.#...........## #..#.### #. #
#....###...#### #..#...# #. ##
####.#####..# #..###.# #. .#
##.###.#.######..# #.# #. .#
##....y......#..###.# #. .#
##..###@####.....##.# #. .#
#..##©###..#####.##.# #. .#
#.##...W†.#....#....# #. .#
#.#...l#.†.#...##.#.# #. .#
##.#..##..#......#.#.# #. .#
#..#...#..©..##..#.#.# #. .#
#.##.#.....#....(#.#.# #. .#
#.#....###=..##.##.#)###. .#
######.##..#.$(?[....#........


You could see a moth of wrath.

Vanquished Creatures
  An ice dragon (D:10)
  2 two-headed ogres
  The ghost of Nausicaa the Grappler, a novice TrDe (D:8)
  Pikel (D:5)
  A black mamba (shapeshifter) (D:8)
  Maurice (D:8)
  A komodo dragon (D:10)
  A troll (D:10)
  8 yaks
  3 wyverns (D:10)
  4 vampire mosquitoes (D:10)
  A water moccasin (D:8)
  5 orc warriors
  An ice beast (D:7)
  A sky beast (D:7)
  5 ogres
  3 necrophages
  3 centaurs
  A phantom (D:6)
  A kobold brigand (D:8)
  2 bullfrogs
  A scorpion (D:5)
  A killer bee (D:8)
  5 wights
  3 centaur zombies
  A bullfrog zombie (D:6)
  6 orc priests
  4 iguanas
  A jelly (D:5)
  A bullfrog skeleton (D:5)
  A gnoll shaman (D:8)
  Natasha (D:1)
  5 orc wizards
  2 howler monkey zombies
  4 gnolls
  6 adders
  A shadow imp (D:6)
  3 white imps
  2 ufetubi (D:7)
  An adder skeleton (D:4)
  2 worms
  3 dart slugs
  14 orcs
  9 ball pythons
  7 endoplasms
  3 giant cockroaches
  7 goblins
  5 hobgoblins
  9 jackals
  9 kobolds
  2 quokkas
  4 bats
  5 frilled lizards
  4 rats
179 creatures vanquished.

Vanquished Creatures (others)
  2 orc wizards
2 creatures vanquished.

Grand Total: 181 creatures vanquished

Notes
Turn   | Place    | Note
-------+----------+-------------------------------------------
     0 | D:1      | shadowrider38 the Minotaur Berserker began the quest for
                  | the Orb.
     0 | D:1      | Reached XP level 1. HP: 19/19 MP: 0/0
   272 | D:1      | Reached skill level 4 in Axes
   272 | D:1      | Reached XP level 2. HP: 8/27 MP: 1/1
   783 | D:1      | Reached XP level 3. HP: 17/33 MP: 2/2
  1506 | D:2      | Noticed Natasha
  1539 | D:1      | Killed Natasha
  1540 | D:1      | Reached skill level 5 in Axes
  1540 | D:1      | Reached XP level 4. HP: 24/40 MP: 3/3
  1734 | D:2      | Reached ** piety under Trog
  1944 | D:2      | Reached skill level 6 in Axes
  2308 | D:3      | Found a hide-covered altar of Uskayaw.
  2308 | D:3      | Found a hazy altar of Hepliaklqana.
  2429 | D:3      | Found a shadowy altar of Dithmenos.
  2541 | D:3      | Found a radiant altar of Vehumet.
  3159 | D:4      | Noticed a necrophage
  3179 | D:4      | Killed a necrophage
  3180 | D:4      | Reached skill level 7 in Axes
  3180 | D:4      | Reached XP level 5. HP: 39/46 MP: 4/4
  3366 | D:3      | Reached XP level 6. HP: 48/52 MP: 5/5
  3637 | D:4      | Reached skill level 8 in Axes
  3847 | D:5      | Entered Level 5 of the Dungeon
  3953 | D:5      | Reached skill level 9 in Axes
  3986 | D:5      | Reached XP level 7. HP: 41/59 MP: 6/6
  4187 | D:5      | Found a glowing golden altar of the Shining One.
  4285 | D:5      | Found an ornate altar of the Wu Jian Council.
  4465 | D:5      | Reached skill level 10 in Axes
  4556 | D:5      | Found a staircase to the Ecumenical Temple.
  4856 | D:6      | Found a snail-covered altar of Cheibriados.
  5034 | D:6      | Reached *** piety under Trog
  5188 | D:6      | Noticed Pikel
  5223 | D:5      | Killed Pikel
  5224 | D:5      | Reached XP level 8. HP: 57/66 MP: 7/7
  5602 | D:6      | Found a shimmering blue altar of Sif Muna.
  6115 | D:7      | Found a sparkling altar of Nemelex Xobeh.
  6240 | D:7      | Found a broken altar of Ashenzari.
  6291 | D:7      | Reached XP level 9. HP: 59/71 MP: 8/8
  6378 | D:7      | Reached skill level 10 in Shields
  7000 | D:8      | Found an iron altar of Okawaru.
  7088 | D:8      | Noticed a two-headed ogre
  7104 | D:8      | Killed a two-headed ogre
  7326 | D:8      | Noticed Maurice
  7379 | D:8      | Killed Maurice
  7479 | D:8      | Reached skill level 11 in Axes
  7585 | D:8      | Noticed a troll
  7595 | D:8      | Noticed a black mamba
  7595 | D:8      | a troll changed into a black mamba
  7606 | D:8      | Killed a black mamba
  7607 | D:8      | Reached XP level 10. HP: 71/78 MP: 9/9
  7821 | D:8      | Reached skill level 12 in Axes
  8091 | D:8      | Found Sequushiyw's Antique Armour Boutique.
  8101 | D:8      | Bought a pair of ichor-stained gloves for 218 gold pieces
  8101 | D:8      | Identified the +2 pair of gloves "Vuggaqu" {rF+ rC++ Int-2
                  | Stlth-} (You bought it in a shop on level 8 of the Dungeon)
  8157 | D:8      | Found a transporter.
  8157 | D:8      | Noticed Nausicaa's ghost (novice TrDe)
  8157 | D:8      | Identified the +9 great mace of Aqoysch {vorpal, Dex+2}
  8162 | D:8      | Found a transporter.
  8318 | D:8      | Killed Nausicaa's ghost
  8700 | D:9      | Reached **** piety under Trog
  8761 | D:10     | Entered Level 10 of the Dungeon
  8771 | D:10     | Reached skill level 5 in Maces & Flails
  8809 | D:10     | Noticed an obsidian statue
  8853 | D:10     | Found a sacrificial altar of Ru.
  8913 | D:10     | Noticed a two-headed ogre
  8921 | D:10     | Killed a two-headed ogre
  9043 | D:10     | Found a transporter.
  9044 | D:10     | Noticed Wyvernaa's ghost (journeyman FoFi)
  9113 | D:10     | Reached XP level 11. HP: 84/84 MP: 10/10
  9200 | D:10     | Noticed an ice dragon
  9334 | D:10     | Found a transporter.
  9743 | D:10     | Reached skill level 10 in Maces & Flails
  9751 | D:10     | Killed an ice dragon
  9757 | D:10     | HP: 3/84 [moth of wrath (12)]
  9758 | D:10     | Slain by a moth of wrath

Illustrated notes

Levels and vault maps discovered:
D:1:      dpeg_arrival_more_subterranean_lakeside_camping, layout_basic
D:2:      layout_rooms, serial_corexii_hall, corexii_hall_statues_l,
          corexii_hall_statues_i, uniq_natasha
D:3:      layout_basic, mainiacjoe_overflow_catwalk,
          mainiacjoe_overflow_small_starburst,
          gammafunk_temple_overflow_elements
D:4:      cheibrodos_pilgrimage, layout_cave_pools
D:5:      layout_basic, tso_oasis_becter, nzn_wu_jian_council_hall,
          temple_fountains
D:6:      layout_gridville, kennysheep_slug_shrine, led_sif_book, uniq_pikel
D:7:      layout_loops_ring, nicolae_overflow_crystal_walls,
          mainiacjoe_overflow_cross_hatched
D:8:      layout_basic, old_standard_altar, serial_shops,
          nicolae_shop_overgrown_old_shop, gammafunk_ghost_smash,
          skrybe_limestone_x, minmay_misc_feat_x, minmay_misc_feat_pillars,
          minmay_manual_mandibuliform, uniq_maurice
D:9:      layout_roguey, lemuel_mausoleum_altar_kikubaaqudgha,
          small_statue_intersection
D:10:     layout_loops_ring, old_standard_altar, serial_undead, serial_undead_d,
          serial_undead_a, serial_undead_e, serial_undead_b,
          gammafunk_ghost_berserking_beasts, minmay_protected_statue

Skill      XL: |  1  2  3  4  5  6  7  8  9 10 11 |
---------------+----------------------------------+-----
Axes           | 4 5 7 9 10 11 12 | 12.9
Fighting       | 4 |  4.1
Shields        | 7 9 10 | 10.6
Armour         | 7 |  7.1
Maces & Flails | 9 10 | 10.8
Dodging        | |  2.4

Action                   |  1- 3 |  4- 6 |  7- 9 | 10-12 || total
-------------------------+-------+-------+-------+-------++-------
Melee: Hand axe          |    58 |    95 |   229 |    43 ||   425
       Headbutt          |     7 |    21 |    59 |    26 ||   113
       Great mace        |       |       |       |    77 ||    77
Invok: Berserk           |     1 |       |       |     1 ||     2
       Trog's Hand       |       |       |     1 |       ||     1
  Use: Scroll            |       |       |     5 |     2 ||     7
 Stab: Sleeping          |     1 |       |       |       ||     1
Armor: Animal skin       |     4 |    16 |       |       ||    20
       Chain mail        |       |    19 |     5 |       ||    24
       Plate armour      |       |       |    57 |    64 ||   121
Dodge: Dodged            |    33 |    31 |    16 |    50 ||   130
Block: Other             |    11 |     6 |       |    31 ||    48
       Kite shield       |       |    33 |   130 |    16 ||   179
       Reflection        |       |     5 |     9 |     1 ||    15
